 Dungeon Crawl Stone Soup version 0.28.0 (webtiles) character file.

Game seed: 2690885869992665098

32 Anon1729 the Insei (level 3, 0/23 HPs)
             Began as an Octopode Transmuter on Feb 15, 2022.
             Succumbed to a gnoll's poison
             ... on level 3 of the Dungeon.
             The game lasted 00:01:24 (1544 turns).

Anon1729 the Insei (Octopode Transmuter)            Turns: 1544, Time: 00:01:25

Health: 0/23       AC:  1    Str:  9    XL:     3   Next: 25%
Magic:  6/6        EV: 13    Int: 17    God:
Gold:   104        SH:  0    Dex: 12    Spells: 5/6 levels left

rFire   . . .      SeeInvis .     - Unarmed
rCold   . . .      Faith    .   (no shield)
rNeg    . . .      Spirit   .   (helmet currently unavailable)
rPois   .          Reflect  .   (no amulet)
rElec   .          Harm     .   (no ring)
rCorr   .          Rampage  .   (no ring)
Will    .....                   (no ring)
Stlth   ++........              (no ring)
HPRegen 0.07/turn               (no ring)
MPRegen 0.10/turn               (no ring)
                                (no ring)
                                (no ring)

@: lethally poisoned (0 -> -1), appendages (expiring), weak-willed
A: tentacle spike 3, almost no armour, amphibious, 8 rings, camouflage 1,
gelatinous body 1, (nimble swimmer 1), tentacles
a: End Transformation


You were on level 3 of the Dungeon.
One of your tentacles had grown a beastly spike.
You visited 1 branch of the dungeon, and saw 3 of its levels.

You collected 104 gold pieces.

Inventory:

Scrolls
 a - a scroll of identify
 b - a scroll of magic mapping
 d - a scroll of teleportation {unknown}


   Skills:
 - Level 1.2 Fighting
 - Level 2.1 Dodging
 + Level 3.8 Unarmed Combat
 - Level 2.1 Spellcasting
 - Level 2.1 Transmutations


You had 5 spell levels left.
You knew the following spells:

 Your Spells              Type           Power      Damage    Failure   Level
a - Beastly Appendage     Tmut           18%        N/A       8%          1

Your spell library contained the following spells:

 Spells                   Type           Power      Damage    Failure   Level
 Wereblood                Tmut           9%         N/A       12%         2
 Spider Form              Tmut/Pois      5%         N/A       36%         3
 Ice Form                 Ice/Tmut       5%         N/A       77%         4


Dungeon Overview and Level Annotations

Branches:
Dungeon (3/15)

Altars:


Innate Abilities, Weirdness & Mutations

One of your tentacles has grown a beastly spike.
You cannot wear most types of armour.
You are amphibious.
You can wear up to eight rings at the same time.
Your skin changes colour to match your surroundings (Stealth+).
Your rubbery body absorbs attacks. (AC +1, EV +1)
((You are camouflaged when in or above water. (Stealth+)))
You have tentacles for arms and can constrict up to eight enemies at once.


Message History

A gnoll comes into view. It is wielding a +1 spear of venom.
The gnoll shouts!
You hear a shout!
A gnoll is nearby!
A gnoll is nearby!
One of your tentacles grows a vicious spike.
The gnoll hits you from afar with a +1 spear of venom!
You are lethally poisoned!
A gnoll comes into view. It is wielding a +0 halberd.
You aren't carrying any potions.
Unknown command.
Unknown command.
You feel very sick.
You feel very sick.
* * * LOW HITPOINT WARNING * * *
You feel sick.
* * * LOW HITPOINT WARNING * * *
You feel sick.
* * * LOW HITPOINT WARNING * * *
You feel sick.
You see here a ball python corpse.
* * * LOW HITPOINT WARNING * * *
You feel sick.
There is a stone staircase leading down here.
* * * LOW HITPOINT WARNING * * *
You feel sick. The gnoll closely misses you.
You climb downwards.
Found a scroll labelled LIDABROACA and a robe.
Found a stone staircase leading up and a stone staircase leading down.
There is a stone staircase leading up here.
You aren't carrying any potions.
As you read the scroll labelled TYASHO TEBROP, it crumbles to dust.
It is a scroll of identify.
b - a scroll of magic mapping Your transformation is almost over.
* * * LOW HITPOINT WARNING * * *
You feel sick.
As you read the scroll labelled WAM QANNAFIZUO, it crumbles to dust.
The kobold shouts!
Magic quickly surges around you.
It was a scroll of vulnerability.
You die...

........?...[#
.............
............
......K....
.<........
#........
#.....# #@#
#..# ##...
...# ...+ ...#
.>.# ....


You could see a kobold (weak-willed).

Vanquished Creatures
  A dart slug (D:1)
  7 ball pythons
  2 bats
  2 endoplasms (D:1)
  3 hobgoblins (D:1)
  4 jackals (D:2)
  2 quokkas
  A frilled lizard (D:1)
  2 goblins (D:2)
  2 kobolds (D:1)
26 creatures vanquished.

Vanquished Creatures (others)
  2 plants (D:1)
2 creatures vanquished.

Grand Total: 28 creatures vanquished

Notes
Turn   | Place    | Note
-------+----------+-------------------------------------------
     0 | D:1      | Anon1729 the Octopode Transmuter began the quest for the
                  | Orb.
     0 | D:1      | Reached XP level 1. HP: 13/13 MP: 3/3
   555 | D:1      | Reached XP level 2. HP: 18/18 MP: 3/5
  1286 | D:2      | Reached XP level 3. HP: 23/23 MP: 3/6
  1543 | D:3      | HP: 1/23 [poisoned by a gnoll]
  1544 | D:3      | Succumbed to a gnoll's poison

Illustrated notes

Levels and vault maps discovered:
D:1:      onia_arrival_pyramid, layout_basic, serial_forest,
          infiniplex_forest_corner_1, infiniplex_forest_clump_double,
          infiniplex_forest_clump_double, infiniplex_forest_end_double,
          infiniplex_forest_lined_ring, minmay_liquid_box, minivault_4,
          minmay_misc_feat_room
D:2:      layout_loops_ring, minmay_distorted
D:3:      layout_rooms, mainiacjoe_overflow_surrounded_room,
          hellmonk_ecumenical_altar_inner_sanctum, kennysheep_nondescript,
          roderic_lattice_a, uniq_jessica

Action                   || total
-------------------------++-------
Melee: Unarmed           ||    65
       Kick              ||    17
       Constrict         ||    11
       Tentacles         ||     9
       Punch             ||     5
 Cast: Beastly Appendage ||    19
  Use: Scroll            ||     2
 Stab: Sleeping          ||     1
Armor: Skin              ||     2
Dodge: Dodged            ||    41
